 Dungeon Crawl Stone Soup version 0.26.1-10-gdfb7c7de75 (webtiles) character file.

Game seed: 15990700116065786991

84 raph the Grave Robber (level 4, -2/24 HPs)
             Began as a Deep Elf Necromancer on Apr 4, 2021.
             Slain by Purgy (4 damage)
             ... on level 3 of the Dungeon.
             The game lasted 00:04:04 (2943 turns).

raph the Grave Robber (Deep Elf Necromancer)        Turns: 2943, Time: 00:04:05

Health: -2/24      AC:  4    Str:  5    XL:     4   Next: 23%
Magic:  1/11       EV: 12    Int: 21    God:
Gold:   151        SH:  0    Dex: 15    Spells: 5/10 levels left

rFire    . . .     SeeInvis .   b - +1 short sword
rCold    . . .     Faith    .   (no shield)
rNeg     + . .     Spirit   .   g - +0 leather armour
rPois    .         Reflect  .   e - +0 helmet
rElec    .         Harm     .   (no cloak)
rCorr    .         Rampage  .   (no gloves)
Will     .....                  (no boots)
Stlth    ++........             (no amulet)
HPRegen  0.08/turn              k - ring of positive energy
MPRegen  0.12/turn              (no ring)

@: no status effects
A: no striking features
a: no special abilities


You were on level 3 of the Dungeon.
You visited 1 branch of the dungeon, and saw 3 of its levels.

You collected 151 gold pieces.

Inventory:

Hand Weapons
 b - a +1 short sword (weapon)
Armour
 e - a +0 helmet (worn)
 g - a +0 leather armour (worn)
Jewellery
 k - a ring of positive energy (left hand)
Scrolls
 a - 2 scrolls of immolation
Potions
 c - a potion of heal wounds
 h - a potion of attraction
 j - 2 potions of haste {unknown}
 l - 2 potions of might {unknown}
 m - 2 potions of lignification {unknown}
 n - 2 potions of curing {unknown}


   Skills:
 + Level 3.2 Dodging
 + Level 3.3 Stealth
 + Level 3.8 Spellcasting
 * Level 5.8 Necromancy


You had 5 spell levels left.
You knew the following spells:

 Your Spells              Type           Power        Failure   Level
a - Pain                  Necr           100%         1%          1
b - Animate Skeleton      Necr           56%          1%          1
c - Vampiric Draining     Necr           14%          5%          3

Your spell library contained the following spells:

 Spells                   Type           Power        Failure   Level
 Animate Dead             Necr           14%          19%         4
 Agony                    Necr           28%          45%         5


Dungeon Overview and Level Annotations

Branches:
Dungeon (3/15)

Altars:
Zin
The Shining One

Annotations:
D:3 Purgy


Message History

Aim: Purgy (heavily wounded, chance to affect: 89%) Purgy writhes in agony.
Purgy barely misses you. Purgy closely misses you. x2
Casting: Pain (safe; 1% risk of failure)
Confirm with . or Enter, or press ? or * to list all spells.
Aiming: Pain (safe; 1% risk of failure)
Press: ? - help, Shift-Dir - straight line, f/p - Purgy
Aim: Purgy (heavily wounded, chance to affect: 89%) Purgy writhes in agony!
Purgy bites you!
* * * LOW HITPOINT WARNING * * *
Purgy barely misses you. Purgy closely misses you.
Casting: Pain (safe; 1% risk of failure)
Confirm with . or Enter, or press ? or * to list all spells.
Aiming: Pain (safe; 1% risk of failure)
Press: ? - help, Shift-Dir - straight line, f/p - Purgy
Aim: Purgy (heavily wounded, chance to affect: 89%) Purgy writhes in agony!
The orc shouts!
The orc throws a boomerang.
The boomerang barely misses you.
The weapon returns to the orc!
Purgy bites you.
You die...

..# #.## ###
#..# ##.# #.#
#.## #..# #
##.## .#
###^.##.#####
#...@T.......
#.##..#.####
#. ##.# .. #
#?..##o#
##o.# # ...#
.>## #.. .##


You could see Purgy and an orc.

Vanquished Creatures
  Terence (D:3)
  An ooze (D:1)
  3 dart slugs (D:1)
  2 leopard geckos (D:3)
  3 giant cockroaches
  6 goblins
  4 hobgoblins
  8 jackals
  5 kobolds
  4 bats
  4 frilled lizards
  3 rats (D:2)
44 creatures vanquished.

Notes
Turn   | Place    | Note
-------+----------+-------------------------------------------
     0 | D:1      | raph the Deep Elf Necromancer began the quest for the Orb.
     0 | D:1      | Reached XP level 1. HP: 10/10 MP: 6/6
    48 | D:1      | Learned a level 1 spell: Animate Skeleton
   248 | D:1      | Reached skill level 5 in Necromancy
   357 | D:1      | Reached XP level 2. HP: 14/15 MP: 6/8
   393 | D:1      | Found a glowing golden altar of the Shining One.
   995 | D:1      | Reached XP level 3. HP: 14/19 MP: 4/9
  1634 | D:2      | Found a glowing silver altar of Zin.
  1754 | D:2      | Found a faded altar of an unknown god.
  2575 | D:2      | Learned a level 3 spell: Vampiric Draining
  2645 | D:3      | Noticed Terence
  2653 | D:3      | Killed Terence
  2654 | D:3      | Reached XP level 4. HP: 17/24 MP: 3/11
  2929 | D:3      | Noticed Purgy
  2943 | D:3      | Slain by Purgy

Illustrated notes

Levels and vault maps discovered:
D:1:      scummos_arrival_gate, layout_loops_ring, tso_altar
D:2:      layout_loops_ring, zin_scriptorium,
          chequers_ecumenical_altar_simple_redux
D:3:      layout_basic, lemuel_crystal_altar, gammafunk_temple_overflow_pools,
          nemelex_lonely_heart_becter, uniq_sigmund, uniq_terence, uniq_purgy

Skill      XL: |  1  2  3 |
---------------+----------+-----
Necromancy     | 5 |  5.8
Stealth        | 3 |  3.3
Dodging        | 3 |  3.2
Spellcasting   | |  3.8

Action                   |  1- 3 |  4- 6 || total
-------------------------+-------+-------++-------
Melee: Short sword       |     4 |       ||     4
 Cast: Pain              |    65 |    16 ||    81
       Animate Skeleton  |     1 |     2 ||     3
  Use: Scroll            |     6 |     1 ||     7
 Stab: Sleeping          |     2 |       ||     2
Armor: Leather armour    |     6 |     1 ||     7
Dodge: Dodged            |     8 |    19 ||    27
